 Seeded DCSS version 0.30-a0-920-g7493c07aab (webtiles) character file.

Game seed: 3125986916090331667 (custom seed)

46118 Parcival the Severer (level 14, -8/124 (127) HPs)
             Began as a Minotaur Fighter on Mar 21, 2023.
             Was an Elder of Nemelex Xobeh.
             Killed by the air
             ... invoked by Sojobo
              (13 damage)
             ... while paralysed by an air elemental
             ... on level 1 of the Depths.
             The game lasted 00:39:29 (14424 turns).

Parcival the Severer (Minotaur Fighter)            Turns: 14424, Time: 00:39:31

HP:   -8/124 (127)  AC: 30    Str: 58    XL:     14   Next: 3%
MP:   0/13          EV:  2    Int:  9    God:    Nemelex Xobeh [****..]
Gold: 825           SH:  0    Dex: 13    Spells: 13/13 levels left

rFire   . . .      SeeInvis .    h - +9 trident of Lituorirph {vamp, *Slow Str+2 Int+4}
rCold   . . .      Faith    .    p - +2 buckler of Protective Custody {rC+ Str+3}
rNeg    . . .      Spirit   +    e - +7 plate armour of Tuneuwn {rElec Str+6}
rPois   .          Reflect  .    P - +1 hat
rElec   +          Rampage  .    Z - +0 cloak "Sachosm" {Fly Str+6}
rCorr   .                        n - +2 pair of gloves "Monk" {rC- Str+3 Dex+3}
Will    +....                    M - +0 pair of boots Stlth
                                 r - amulet of guardian spirit
HPRegen 0.40/turn                f - +6 ring of strength
MPRegen 0.13/turn                Y - +6 ring of strength

@: paralysed, mighty, lethally poisoned (-8 -> -24), about to teleport, flying,
slowed, lightly drained
A: horns 2, retaliatory headbutt
a: Renounce Religion, Draw Escape, Draw Destruction, Draw Summoning, Triple
Draw, Deal Four


You were on level 1 of the Depths.
You worshipped Nemelex Xobeh.
Nemelex Xobeh was greatly pleased with you.
You visited 3 branches of the dungeon, and saw 17 of its levels.

You collected 825 gold pieces.

Inventory:

Hand Weapons
 a - the +4 long sword "Reuschakk" {venom, rElec}
   (You found it on level 14 of the Dungeon)

   rElec:     It insulates you from electricity.
 b - the +2 short sword of Wisdom {freeze, Will+}
   (You found it on level 14 of the Dungeon)

   Will:      It increases your willpower.
 h - the +9 trident of Lituorirph (weapon) {vamp, *Slow Str+2 Int+4}
   (You took it off a spriggan on level 14 of the Dungeon)

   Str:       It affects your strength (+2).
   Int:       It affects your intelligence (+4).
   *Slow:     It may slow you when you take damage.
 L - the +9 staff of Wucad Mu {*channel}
   (You found it on level 10 of the Dungeon)

   *Channel:  It occasionally powers its wielder's spells, but with a chance of
   causing confusion or draining the wielder's intelligence.
   It becomes more likely to activate and less likely to backfire with increased
   Evocations skill.
 N - the +0 war axe of Gozag's Scorn {flame, rCorr Dex+2 SInv Stlth-}
   (You found it on level 11 of the Dungeon)

   Dex:       It affects your dexterity (+2).
   SInv:      It lets you see invisible.
   rCorr:     It protects you from acid and corrosion.
   Stlth:     It makes you less stealthy.
Missiles
 D - 6 boomerangs of dispersal (quivered)
Armour
 e - the +7 plate armour of Tuneuwn (worn) {rElec Str+6}
   (You acquired it on level 1 of the Dungeon)

   Str:       It affects your strength (+6).
   rElec:     It insulates you from electricity.
 n - the +2 pair of gloves "Monk" (worn) {rC- Str+3 Dex+3}
   (You acquired it on level 4 of the Dungeon)

   Str:       It affects your strength (+3).
   Dex:       It affects your dexterity (+3).
   rC:        It makes you vulnerable to cold.
 p - the +2 buckler of Protective Custody (worn) {rC+ Str+3}
   (You acquired it on level 2 of the Dungeon)

   Str:       It affects your strength (+3).
   rC:        It protects you from cold.
 M - a +0 pair of boots (worn)
 P - a +1 hat (worn)
 Z - the +0 cloak "Sachosm" (worn) {Fly Str+6}
   (You acquired it on level 14 of the Dungeon)

   Str:       It affects your strength (+6).
   Fly:       It grants you flight.
Jewellery
 f - a +6 ring of strength (left hand)
 r - an amulet of guardian spirit (around neck)
 s - a ring of protection from cold
 Y - a +6 ring of strength (right hand)
Wands
 t - a wand of flame (34)
 H - a wand of digging (5)
 K - a wand of charming (5)
 Q - a wand of acid (4)
 R - a wand of roots (6)
Scrolls
 c - a scroll of magic mapping
 j - a scroll of enchant weapon
 k - 4 scrolls of teleportation
 E - 7 scrolls of identify
 F - 2 scrolls of blinking
 I - 2 scrolls of amnesia
 O - a scroll of fog
Potions
 g - 2 potions of heal wounds
 i - 5 potions of haste
 l - 2 potions of resistance
 m - 5 potions of lignification
 o - 3 potions of degeneration
 q - a potion of brilliance
 v - 3 potions of curing
 w - 3 potions of cancellation
 x - 2 potions of ambrosia
 z - 2 potions of attraction
 S - a potion of flight
Miscellaneous
 A - a condenser vane
 W - a box of beasts


   Skills:
 + Level 12.5 Fighting
 + Level 16.8(17.8) Axes
 + Level 9.0(14.0) Maces & Flails
 + Level 4.3(11.8) Polearms
 + Level 13.4 Armour
 + Level 4.4 Dodging
 + Level 2.5 Stealth
 + Level 12.4 Shields
 + Level 0.2 Evocations


You had 13 spell levels left.
You didn't know any spells.
Your spell library contained the following spells:

 Spells                   Type           Power      Damage    Failure   Level
 Apportation              Tloc           0%         N/A       77%         1
 Necrotise                Necr           0%         1d4       77%         1
 Sandblast                Erth           0%         2d4       77%         1
 Summon Small Mammal      Summ           0%         N/A       77%         1
 Ensorcelled Hibernation  Hex/Ice        0%         N/A       88%         2
 Passwall                 Tmut/Erth      0%         N/A       88%         2
 Sublimation of Blood     Necr           0%         N/A       88%         2
 Call Canine Familiar     Summ           0%         N/A       98%         3
 Inner Flame              Hex/Fire       0%         N/A       98%         3
 Portal Projectile        Hex/Tloc       0%         N/A       98%         3
 Stone Arrow              Conj/Erth      0%         3d7       98%         3
 Summon Guardian Golem    Hex/Summ       0%         N/A       98%         3
 Swiftness                Air            0%         N/A       98%         3
 Cause Fear               Hex            0%         N/A       100%        4
 Flame Wave               Conj/Fire      0%         2d4       100%        4
 Leda's Liquefaction      Hex/Erth       0%         N/A       100%        4
 Petrify                  Tmut/Erth      0%         N/A       100%        4
 Sticky Flame             Conj/Fire      0%         2d3       100%        4
 Irradiate                Conj/Tmut      0%         3d11      100%        5
 Conjure Ball Lightning   Conj/Air       0%         3x3d6     100%        6
 Statue Form              Tmut/Erth      0%         N/A       100%        6
 Borgnjor's Revivificati  Necr           0%         N/A       100%        8
 Discord                  Hex            0%         N/A       100%        8
 Disjunction              Tloc           0%         N/A       100%        8
 Lehudib's Crystal Spear  Conj/Erth      0%         10d2      100%        8
 Necromutation            Tmut/Necr      0%         N/A       100%        8
 Death's Door             Necr           0%         N/A       100%        9


Dungeon Overview and Level Annotations

Branches:
Dungeon (15/15)            Temple (1/1) D:5            Lair (0/5) D:10
    Orc (0/2) D:9          Vaults (0/5) D:13         Depths (1/4) D:15

Altars:
Ashenzari
Cheibriados
Dithmenos
Elyvilon
Fedhas
Gozag
Hepliaklqana
Kikubaaqudgha
Makhleb
Nemelex Xobeh
Okawaru
Qazlal
Ru
Sif Muna
Trog
Uskayaw
Vehumet
Wu Jian
Xom
Yredelemnul
Zin
The Shining One

Shops:
D:3 :   D:5 (**?   D:7 :   D:11 :

Portals:
Trove: D:11 (give +2 storm dragon scales)

Annotations:
Depths:1 Sojobo


Innate Abilities, Weirdness & Mutations

You have a pair of horns on your head.
You reflexively headbutt those who attack you in melee.


Message History

The air elemental fires a burst of electricity at you.
The stunning burst misses you.
The air elemental hits you but does no damage.
The air elemental fires a burst of electricity at you.
The stunning burst hits you but does no damage.
The air elemental hits you but does no damage.
The air elemental closely misses you.
Sojobo hits you with a +1 great sword of electrocution!
Sojobo pecks you but does no damage. Sojobo claws you.
You block the tengu reaver's attack.
The tengu reaver pecks you but does no damage.
The tengu reaver completely misses you.
The tengu reaver points at you and mumbles some strange words.
The bolt of poison hits the air elemental.
The air elemental completely resists.
The bolt of poison hits you!!
You are poisoned.
* * * LOW HITPOINT WARNING * * *
You feel yourself slow down.
Okay, then.
As you read the scroll of teleportation, it crumbles to dust.
You feel strangely unstable.
* * * LOW HITPOINT WARNING * * *
You feel extremely sick. You block the air elemental's attack.
The air elemental hits you but does no damage.
The air elemental barely misses you.
The air elemental fires a burst of electricity at you.
The stunning burst hits you but does no damage.
You suddenly lose the ability to move!
The air elemental hits you but does no damage.
The air elemental hits you.
* * * LOW HITPOINT WARNING * * *
The air elemental completely misses you.
The air elemental barely misses you.
The air elemental fires a burst of electricity at you.
The stunning burst hits you but does no damage.
Sojobo waves her feathered arms in wide circles.
The air twists around and strikes you!
You die...
Your body disappears without a glow.

###### ## .. #.##.#
..## #.. ###..#.##....
... ##........# .## .
#.##.......###.|.##
..#......##§...#....#
...................#
#.........E.EQE#.###
#.........#QE@.# #
.##......##.Q..##
#.......#......
#..Q..~........#
........~.~≈.....#
........~~~..~~......
.....~~≈~≈~.D~≈~......
.......~≈~~.~≈≈~..#....
#......~~≈~.~≈≈~....


You could see Sojobo (repels missiles), an ice dragon, 2 tengu reavers, a water
elemental and 3 air elementals.

Vanquished Creatures
  The ghost of cforsyth the Protected, a journeyman HuFi of Okawaru (D:14)
  An ettin (Depths:1)
  The ghost of Lobster4 the Summoner, a journeyman HOSu of Gozag (D:10)
  4 vault guards (D:13)
  7 centaur warriors
  2 ogre magi
  A boulder beetle (D:12)
  8 two-headed ogres
  2 spriggans (D:14)
  2 skeletal warriors (D:15)
  A flayed ghost (D:15)
  A deep elf archer (D:13)
  A wizard (D:13)
  5 deep elf pyromancers
  An orc knight (D:13)
  An ugly thing (D:12)
  7 cyclopes
  A fire giant zombie (D:15)
  A necromancer (D:15)
  A frost giant zombie (D:15)
  5 manticores
  A fire giant skeleton (D:15)
  3 gargoyles
  3 unseen horrors
  A freezing wraith (D:12)
  5 yaktaurs (D:15)
  2 komodo dragons
  A troll (shapeshifter) (D:15)
  A tengu conjurer (D:15)
  5 trolls
  A queen bee (shapeshifter) (D:14)
  4 hornets
  9 slime creatures
  A vampire (D:11)
  12 yaks
  A shadow (D:10)
  5 wraiths
  An ettin skeleton (D:15)
  4 basilisks
  4 wyverns
  2 steam dragons (D:7)
  4 vampire mosquitoes (D:12)
  A neqoxec (D:10)
  4 acid dragons
  7 water moccasins
  6 orc warriors
  2 ice beasts
  An ogre (D:5)
  A sky beast (D:6)
  4 black bears
  A boggart (D:14)
  11 centaurs
  3 kobold brigands
  3 bullfrogs
  2 gnoll sergeants (D:9)
  6 scorpions
  5 wights (D:8)
  8 killer bees
  A howler monkey (D:9)
  A hound (D:6)
  3 quasits (D:10)
  5 jellies
  A gnoll bouda (D:10)
  6 orc priests
  Crazy Yiuf (D:7)
  A hound (shapeshifter) (D:12)
  A sleepcap (D:4)
  Jessica (D:14)
  4 iguanas
  Natasha (twice) (D:2)
  15 orc wizards
  14 gnolls
  7 adders
  3 white imps (D:6)
  A worm (D:2)
  2 dart slugs
  39 orcs
  7 endoplasms
  2 giant cockroaches
  5 hobgoblins
  4 jackals (D:4)
  18 kobolds
  4 quokkas
  9 ball pythons
  4 bats
  2 frilled lizards
  9 goblins
  4 rats
365 creatures vanquished.

Vanquished Creatures (others)
  5 fungi
  12 plants
  4 withered plants (D:15)
21 creatures vanquished.

Grand Total: 386 creatures vanquished

Notes
Turn   | Place    | Note
-------+----------+-------------------------------------------
     0 | D:1      | Parcival the Minotaur Fighter began the quest for the Orb.
     0 | D:1      | Reached XP level 1. HP: 19/19 MP: 0/0
    88 | D:1      | Identified a scroll of acquirement {Aqquire}
    88 | D:1      | Acquired the +7 plate armour of Tuneuwn {rElec Str+6}
   219 | D:1      | Reached XP level 2. HP: 27/27 MP: 1/1
   623 | D:1      | Reached XP level 3. HP: 28/33 MP: 2/2
   749 | D:2      | Reached skill level 3 in Axes
   973 | D:2      | Noticed Natasha
   985 | D:2      | Killed Natasha
   986 | D:2      | Reached XP level 4. HP: 15/40 MP: 3/3
  1161 | D:2      | Noticed Natasha
  1166 | D:2      | Killed Natasha
  1275 | D:2      | Reached skill level 4 in Axes
  1558 | D:2      | Acquired the +2 buckler of Protective Custody {rC+ Str+3}
  1635 | D:3      | Reached skill level 5 in Armour
  1851 | D:3      | Found an iron altar of Okawaru.
  1877 | D:3      | Found Digoh's Book Boutique.
  1994 | D:3      | Identified the +1 chain mail of Supple Strength {Harm
                  | Str+3}
  2243 | D:4      | Reached XP level 5. HP: 35/46 MP: 4/4
  2264 | D:4      | Noticed a water moccasin
  2278 | D:4      | Killed a water moccasin
  2279 | D:4      | Reached XP level 6. HP: 33/53 MP: 5/5
  2368 | D:4      | Found a hazy altar of Hepliaklqana.
  2484 | D:4      | Reached skill level 5 in Axes
  2562 | D:4      | Reached skill level 6 in Axes
  2759 | D:4      | Reached XP level 7. HP: 60/60 MP: 6/6
  2767 | D:4      | Acquired the +2 pair of gloves "Monk" {rC- Str+3 Dex+3}
  3011 | D:5      | Entered Level 5 of the Dungeon
  3012 | D:5      | Found Kuxiet's Assorted Antiques.
  3027 | D:5      | Found Istewn's Weapon Boutique.
  3029 | D:5      | Reached skill level 5 in Fighting
  3029 | D:5      | Found Keelodoj's General Store.
  3032 | D:5      | Reached skill level 7 in Axes
  3032 | D:5      | Reached skill level 5 in Shields
  3198 | D:5      | Found Tuexan's Magic Scroll Boutique.
  3257 | D:5      | Reached skill level 8 in Axes
  3305 | D:5      | Reached XP level 8. HP: 69/69 MP: 7/7
  3366 | D:5      | Found a staircase to the Ecumenical Temple.
  3641 | Temple   | Entered the Ecumenical Temple
  3728 | D:6      | Reached skill level 9 in Axes
  4126 | D:6      | Reached skill level 10 in Axes
  4126 | D:6      | Reached skill level 1 in Dodging
  4126 | D:6      | Reached XP level 9. HP: 75/75 MP: 8/8
  4192 | D:6      | Noticed a troll
  4194 | D:6      | Killed a troll
  4299 | D:6      | Found an ornate altar of the Wu Jian Council.
  4844 | D:7      | Reached skill level 11 in Axes
  4855 | D:7      | Found a runed translucent door.
  4856 | D:7      | Noticed Crazy Yiuf
  5049 | D:7      | Found Jauttyss's Tremendous Tomes.
  5582 | D:7      | Killed Crazy Yiuf
  5828 | D:8      | Found a glowing golden altar of the Shining One.
  5880 | D:8      | Found a large runed translucent door.
  5880 | D:8      | Found a large runed translucent door.
  5959 | D:8      | Reached skill level 12 in Axes
  5980 | D:8      | Found a sparkling altar of Nemelex Xobeh.
  6026 | D:8      | Became a worshipper of Nemelex Xobeh the Trickster
  6075 | D:8      | Found a transporter.
  6159 | D:8      | Reached skill level 1 in Stealth
  6159 | D:8      | Reached XP level 10. HP: 84/86 MP: 7/9
  6275 | D:8      | Noticed an ogre mage
  6279 | D:8      | Found a transporter.
  6400 | D:8      | Found a shimmering altar of Xom.
  6404 | D:8      | Found a shadowy altar of Dithmenos.
  6470 | D:8      | Killed an ogre mage
  6835 | D:9      | Found a staircase to the Orcish Mines.
  7099 | D:9      | Noticed a two-headed ogre
  7105 | D:9      | Killed a two-headed ogre
  7106 | D:9      | Reached skill level 13 in Axes
  7279 | D:10     | Entered Level 10 of the Dungeon
  7283 | D:10     | Noticed a two-headed ogre
  7286 | D:10     | Killed a two-headed ogre
  7308 | D:10     | Noticed a two-headed ogre
  7316 | D:10     | Reached XP level 11. HP: 85/95 MP: 8/10
  7317 | D:10     | Found a staircase to the Lair.
  7320 | D:10     | Killed a two-headed ogre
  7321 | D:10     | Reached skill level 14 in Axes
  7321 | D:10     | Reached skill level 10 in Armour
  7584 | D:10     | Found a transporter.
  7586 | D:10     | Noticed Lobster4's ghost (journeyman HOSu)
  7720 | D:10     | Found a transporter.
  7721 | D:10     | Found the +9 staff of Wucad Mu {*channel}
  7742 | D:10     | Reached * piety under Nemelex Xobeh
  8007 | D:10     | Killed Lobster4's ghost
  8008 | D:10     | Reached skill level 15 in Axes
  8008 | D:10     | Reached skill level 10 in Shields
  8131 | D:11     | Noticed a two-headed ogre
  8137 | D:11     | Killed a two-headed ogre
  8231 | D:11     | Noticed a two-headed ogre
  8235 | D:11     | Killed a two-headed ogre
  8239 | D:11     | Found a portal to a secret trove of treasure.
  8256 | D:11     | Identified the +0 war axe of Gozag's Scorn {flame, rCorr
                  | Dex+2 SInv Stlth-}
  8283 | D:11     | Found Rois's Book Emporium.
  8296 | D:11     | Received a gift from Nemelex Xobeh
  8839 | D:11     | Reached skill level 10 in Fighting
  8839 | D:11     | Reached XP level 12. HP: 104/106 MP: 11/11
  9146 | D:12     | Reached ** piety under Nemelex Xobeh
  9199 | D:12     | Noticed a two-headed ogre
  9206 | D:12     | Killed a two-headed ogre
  9207 | D:12     | Reached skill level 16 in Axes
  9522 | D:12     | Noticed a boulder beetle
  9539 | D:12     | Killed a boulder beetle
  9766 | D:12     | Received a gift from Nemelex Xobeh
  9846 | D:12     | Got the Omnibus of Underground Obstruction
  9976 | D:12     | Noticed a two-headed ogre
  9982 | D:12     | Killed a two-headed ogre
 10237 | D:13     | Noticed a centaur warrior
 10244 | D:13     | Killed a centaur warrior
 10332 | D:13     | Noticed a centaur warrior
 10336 | D:13     | Noticed a two-headed ogre
 10344 | D:13     | Killed a centaur warrior
 10349 | D:13     | Killed a two-headed ogre
 10350 | D:13     | Reached skill level 1 in Maces & Flails
 10473 | D:13     | Noticed a vault guard
 10473 | D:13     | Noticed a vault guard
 10501 | D:13     | Noticed an ogre mage
 10514 | D:13     | Killed an ogre mage
 10520 | D:13     | Reached XP level 13. HP: 67/116 MP: 6/12
 10682 | D:13     | Found a gate to the Vaults.
 11142 | D:13     | Received a gift from Nemelex Xobeh
 11210 | D:13     | Reached *** piety under Nemelex Xobeh
 11639 | D:14     | Found a blossoming altar of Fedhas.
 11658 | D:14     | Acquired the +0 cloak "Sachosm" {Fly Str+6}
 11659 | D:14     | Identified the +2 short sword of Wisdom {freeze, Will+}
 11687 | D:14     | Reached skill level 5 in Maces & Flails
 11883 | D:14     | Identified the +4 long sword "Reuschakk" {venom, rElec}
 11977 | D:14     | Received a gift from Nemelex Xobeh
 12461 | D:14     | Found a runed translucent door.
 12464 | D:14     | Noticed cforsyth's ghost (journeyman HuFi)
 12466 | D:14     | Identified the +9 trident of Lituorirph {vamp, *Slow Str+2
                  | Int+4}
 12689 | D:14     | Found a sparkling altar of Nemelex Xobeh.
 12689 | D:14     | Noticed Jessica
 12691 | D:14     | Killed Jessica
 12797 | D:14     | Killed cforsyth's ghost
 13056 | D:15     | Entered Level 15 of the Dungeon
 13080 | D:15     | Reached skill level 1 in Polearms
 13297 | D:15     | Received a gift from Nemelex Xobeh
 13303 | D:15     | Reached **** piety under Nemelex Xobeh
 13810 | D:15     | Found a staircase to the Depths.
 14152 | D:15     | Reached XP level 14. HP: 123/127 MP: 10/13
 14399 | Depths:1 | Entered Level 1 of the Depths
 14399 | Depths:1 | Noticed Sojobo
 14399 | Depths:1 | Noticed a tengu reaver
 14399 | Depths:1 | Noticed a tengu reaver
 14424 | Depths:1 | Paralysed by an air elemental for 1 turns
 14424 | Depths:1 | HP: 5/124 [air elemental[Sojobo] (4)]
 14424 | Depths:1 | Killed from afar by Sojobo

Illustrated notes

Levels and vault maps discovered:
D:1:      amcnicky_arrival_single_pillar, layout_loops_cross,
          hangedman_glass_garden
D:2:      layout_loops_ring, dk_vineyard_1, uniq_natasha
D:3:      layout_basic, mainiacjoe_overflow_catwalk, serial_forest,
          infiniplex_forest_zigzag_1, infiniplex_forest_split,
          infiniplex_forest_end_double, infiniplex_forest_lined_room_,
          infiniplex_forest_corner_1, infiniplex_forest_lined_room_2,
          serial_shops, nicolae_shop_hallway_stairs
D:4:      layout_basic, old_standard_altar
D:5:      layout_rooms, minmay_temple_entry_drinking_statues,
          minmay_shop_grid_forest
D:6:      layout_rooms, lemuel_tele_altar, minmay_microvault
D:7:      layout_basic, minmay_misc_feat_hallway, nicolae_shop_i_like_big_books,
          chequers_serial_rivers_large_a, uniq_crazy_yiuf_cottage
D:8:      gammafunk_beogh_shrine, layout_basic,
          mainiacjoe_overflow_six_doors_small, jmf_multi_god_temple2,
          kennysheep_little_box, serial_curves, eino_curves_01, eino_curves_02
D:9:      layout_roguey, orc_0_dummy
D:10:     layout_rooms, minmay_lair_entry_grove, gammafunk_ghost_stat_death,
          minmay_orc_keep
D:11:     layout_loops_ring, serial_shops, shop, enter_trove_1, serial_glass,
          glass_columns_b, glass_columns_b
D:12:     nicolae_hexawheel, layout_irregular_city, hangedman_decor_riveting
D:13:     layout_loops_ring, grunt_vaults_entry_fortified
D:14:     layout_long_grid, ebering_ghost_funeral_grove,
          nemelex_lonely_heart_becter, fedhas_ov_isle_minmay
D:15:     gammafunk_depths_entry_grave, layout_cave_pods,
          minmay_misc_feat_pillars
Temple:   hellmonk_temple_of_storms
Depths:1: layout_cave_pools, hangedman_coc_ice_floe, minmay_fountain_box,
          feat_on_display, uniq_sojobo, uniq_enchantress

Skill      XL: |  1  2  3  4  5  6  7  8  9 10 11 12 13 |
---------------+----------------------------------------+-----
Fighting       | 4 5 6 7 8 10 11 12 | 12.5
Shields        | 4 5 6 7 9 10 11 12 | 12.4
Axes           | 3 4 6 8 10 12 13 15 16 | 16.8
Armour         | 4 5 6 7 8 9 10 12 13 | 13.4
Dodging        | 1 2 3 4 |  4.4
Stealth        | 1 2 |  2.5
Maces & Flails | 2 9 |  9.0
Polearms       | 4 |  4.3
Evocations     | |  0.2

Action                     |  1- 3 |  4- 6 |  7- 9 | 10-12 | 13-15 || total
---------------------------+-------+-------+-------+-------+-------++-------
  Melee: War axe           |    70 |    97 |   170 |   213 |       ||   550
         Headbutt          |     5 |     8 |    26 |    50 |    63 ||   152
         Morningstar       |       |       |       |    36 |   110 ||   146
         Trident           |       |       |       |       |    99 ||    99
 Invoke: Draw Escape       |       |       |       |       |     3 ||     3
         Draw Destruction  |       |       |       |       |     1 ||     1
  Evoke: Wand              |       |       |       |     1 |       ||     1
         Box of beasts     |       |       |       |     1 |       ||     1
    Use: Scroll            |     1 |    11 |    11 |     8 |     6 ||    37
         Potion            |       |       |       |     2 |     5 ||     7
   Stab: Distracted        |       |       |       |     1 |     1 ||     2
 Armour: Plate armour      |    35 |    70 |   174 |   224 |   178 ||   681
         Scale mail        |     4 |       |       |       |       ||     4
  Dodge: Dodged            |    19 |    45 |    81 |   153 |   108 ||   406
  Block: Buckler           |    21 |    33 |    76 |   159 |   115 ||   404

Table legend: (Time is in decaauts)
 A = Elapsed time spent in this place.
 B = Non-inter-level travel time spent in this place.
 C = Inter-level travel time spent in this place.
 D = Time resting spent in this place.
 E = Time spent auto-exploring this place.
 F = Levels seen in this place.
 G = Mean time per level.
                   A        B        C        D        E       F      G
               +--------+--------+--------+--------+--------+-----+--------+
         Total |  14460 |  13567 |    893 |    210 |  10470 |  17 |  850.6 |
       Dungeon |  14396 |  13510 |    886 |    210 |  10448 |  15 |  959.7 |
        Temple |     40 |     34 |      6 |      0 |     22 |   1 |   40.0 |
        Depths |     23 |     22 |      1 |      0 |      0 |   1 |   23.0 |
               +--------+--------+--------+--------+--------+-----+--------+

Top non-repeatable levels by time:
    D:14: 1419 daAuts
    D:13: 1407 daAuts
    D:15: 1336 daAuts
    D:12: 1266 daAuts
     D:7: 1183 daAuts
     D:8: 976 daAuts
     D:2: 923 daAuts
    D:11: 853 daAuts
     D:4: 791 daAuts
    D:10: 778 daAuts
     D:6: 773 daAuts
     D:1: 711 daAuts
     D:5: 670 daAuts
     D:3: 655 daAuts
     D:9: 651 daAuts
